Garage, lawful female human Samurai ---- ---|..| --.--..| |<.....| |.....- --------------...--------------------------------------- - |........................................................| ------------...---......------ --- ---------------- |...---.--|-..)..........-- ........-- |........--................^............| -.....................-- ...........-- ---.....)|............- -- ...-- -...I----..............- - |..--- --......>.......| .. -.............-- ..(*.......--- -....|......| ---.---.|..-- -- ----- Garage the Ronin Experience level: 5 Strength: 18/01 Dexterity: 13 Constitution: 18 Intelligence: 11 Wisdom: 7 Charisma: 8 Health: 0(49) Energy: 16(16) Def: 7 Gold: 184 Moves: 2176 Dungeon seed: b-PN_3BiP8QLp_y- Game ID: Garage_1480068807 Your Inventory: Coins $ - 184 gold pieces Weapons a - a +0 katana (weapon in hand) b - a +0 wakizashi c - a +0 yumi (alternate weapon; not wielded) d - 40 +0 ya (in quiver) Armor e - an uncursed rustproof +0 splint mail (being worn) n - an uncursed +0 orcish helm (being worn) Scrolls s - an uncursed scroll of remove curse Wands g - a wand of striking (0:6) Tools u - an uncursed oil lamp (0:1411) Gems q - an uncursed touchstone r - an uncursed worthless piece of white glass Spells and supernatural/magical abilities: Name Level Category Fail Memory W - pray for help -- divine ? -- Your skills at the end: Fighting Skills martial arts [Basic] Weapon Skills short sword [Basic] long sword [Basic] bow [Basic] Spellcasting Skills Final Attributes: You were piously aligned. You were fast. You are dead. Vanquished creatures: a small mimic a shrieker a gnome lord a gnomish wizard a gray ooze a floating eye a hill orc a wererat an acid blob 3 manes a giant rat 5 cave spiders 4 yellow molds a green mold 10 gnomes 2 geckos 4 jackals a kobold 2 goblins 4 sewer rats 2 grid bugs a lichen a kobold zombie 2 newts 52 creatures vanquished. Voluntary challenges: You had followed a strict vegan diet until turn 2137. You had followed a strict vegetarian diet until turn 2137. You used a wielded weapon 47 times, starting on turn 43. You read items or engraved 3 times, starting on turn 1253. You never genocided any monsters. You never polymorphed an object. You changed form 1 time, starting on turn 1043. You used no wishes. You never split a pudding. You never wrote Elbereth's name. You violated your moral code, losing 1 point of alignment, starting on turn 852. Dungeon overview: The Dungeons of Doom: levels 1 to 4 Level 1 an altar to Raijin a long staircase Level 2 a general store, a fountain Level 3 Level 4 a fountain stairs to The Gnomish Mines The Gnomish Mines: levels 5 to 6 Level 5 stairs to The Dungeons of Doom Level 6 <- You were here History has recorded: On T:1 you entered the Dungeons of Doom to retrieve the Amulet of Yendor! On T:263 you reached level 2 of The Dungeons of Doom. On T:537 you advanced to experience level 2. On T:593 you reached level 3 of The Dungeons of Doom. On T:674 you advanced to experience level 3. On T:1666 you advanced to experience level 4. On T:1669 you reached level 4 of The Dungeons of Doom. On T:1983 you reached level 1 of The Gnomish Mines. On T:2015 you advanced to experience level 5. On T:2150 you reached level 2 of The Gnomish Mines. Score breakdown: Gold: 184 ( 7712 points) Experience: 5 levels (11141 points) Exploration: 6 levels ( 12.24%) ( 9682 points) Discoveries: 5 items ( 2.03%) ( 4276 points) Valuables value: (no points given unless you survive) Artifact value: 0 ( 0 points) Variety of kills: 24 monsters ( 6.30%) ( 7529 points) Turncount: 2176 turns ( -125 points) Survival: died (score multiplied by 80%) Total score: 32172 Latest messages: ÓãA eats a cave spider corpse. You are beginning to feel weak. The sewer rat is almost hit by an arrow! You kill the sewer rat! The sewer rat misses. You miss the sewer rat. The sewer rat bites! You kill the sewer rat! You see here a sewer rat corpse. This sewer rat corpse tastes terrible! You finish eating the sewer rat corpse. You kill the gnome! (2x) You see here 4 daggers. Suddenly, the gnome disappears out of sight. (2x) You faint from lack of food. It hits! (4x) You come to. You faint from lack of food. It hits! (4x) You die... Final status: Sayonara Garage the Samurai, killed by a gnome, while fainted from lack of food... You died in The Gnomish Mines on dungeon level 6 with 32172 points, and 184 pieces of gold, after 2176 moves. You were level 5 with a maximum of 49 hit points when you died.